 Dungeon Crawl Stone Soup version 0.24.0-125-gc4c63601f3 (webtiles) character file.

Game seed: 2908938893724695048, levelgen mode: deterministic

25005 UnderR0ck the Blocker (level 12, 0/105 HPs)
             Began as a Minotaur Berserker on Feb 17, 2020.
             Was a High Priest of Trog.
             Incinerated by a smoke demon (5 damage)
             ... with a sticky flame
             ... on level 1 of the Shoals.
             The game lasted 01:34:13 (13024 turns).

UnderR0ck the Blocker (Minotaur Berserker)         Turns: 13024, Time: 01:34:14

Health: 0/105      AC: 18    Str: 30    XL:     12   Next: 85%
Magic:  0/11       EV: 11    Int:  4    God:    Trog [*****.]
Gold:   760        SH: 21    Dex: 16    Spells: 11/11 levels left

rFire    + . .     SeeInvis .   Z - +8 whip "Snakebite" {curare, rPois}
rCold    . . .     Gourm    .   K - +0 large shield
rNeg     . . .     Faith    .   Q - +1 chain mail {rF+}
rPois    +         Spirit   +   (helmet restricted)
rElec    .         Reflect  .   N - +1 cloak
rCorr    .         Harm     .   p - +0 pair of gloves
MR       ++...                  V - +0 pair of boots
Stlth    ..........             D - amulet of guardian spirit
HPRegen  1.27/turn              l - +4 ring of strength
MPRegen  0.12/turn              c - +5 ring of dexterity

@: liquid flames, berserk cooldown, regenerating, slowed, glowing, very slow
A: retaliatory headbutt, horns 2
a: Berserk, Trog's Hand, Brothers in Arms, Renounce Religion


You were on level 1 of the Shoals.
You worshipped Trog.
Trog was extremely pleased with you.
You were very hungry.

You visited 4 branches of the dungeon, and saw 15 of its levels.
You also visited: Ossuary.

You collected 760 gold pieces.

Inventory:

Hand Weapons
 i - a +1 short sword of speed
 k - the +7 Spriggan's Knife {stab, EV+4 Stlth+}
   (You found it on level 7 of the Dungeon)

   It affects your evasion (+4).
   It makes you more stealthy.
 B - a +3 antimagic morningstar
 M - a +3 quarterstaff of chaos
 P - a +2 mace of protection
 T - a +0 dire flail of holy wrath
 U - the +11 short sword "Qeheizxoa" {vamp, -Tele +Fly rC+++ Str-3, unknown}
   (You found it on level 3 of the Lair of Beasts)

   It inflicts no extra harm, but heals its wielder when it wounds a living foe.
   It affects your strength (-3).
   It renders you almost immune to cold.
   It lets you fly.
   It prevents most forms of teleportation.
 W - a +5 antimagic dagger
 Z - the +8 whip "Snakebite" (weapon) {curare, rPois}
   (You found it on level 3 of the Lair of Beasts)

   It poisons the flesh of those it strikes.
   It protects you from poison.
Armour
 o - a +2 scale mail of positive energy
 p - a +0 pair of gloves (worn)
 z - the +2 pair of gloves of Sorcery {+Blink MR++ Regen+ Stlth+}
   (You found it on level 3 of the Lair of Beasts)

   It affects your resistance to hostile enchantments.
   It lets you blink.
   It increases your rate of regeneration.
   It makes you more stealthy.
 K - a +0 large shield (worn)
 N - a +1 cloak (worn)
 Q - a +1 chain mail of fire resistance (worn)
 R - a +0 ring mail of magic resistance
 V - a +0 pair of boots (worn)
Jewellery
 c - a +5 ring of dexterity (right hand)
 e - a +2 ring of evasion
 g - an uncursed ring of flight
 l - a +4 ring of strength (left hand)
 m - an uncursed amulet of harm
 y - an uncursed ring of poison resistance
 D - an amulet of guardian spirit (around neck)
 J - a +3 ring of intelligence
Wands
 b - a wand of paralysis (21)
 j - a wand of iceblast (8)
 r - a wand of polymorph (24)
 u - a wand of digging (7)
 L - a wand of random effects (20)
 X - a wand of enslavement (7)
Scrolls
 s - 2 scrolls of blinking
 t - 3 scrolls of amnesia
 v - 7 scrolls of teleportation
 A - 4 scrolls of immolation
 C - 4 scrolls of remove curse
 F - a scroll of fog
 H - a scroll of magic mapping
 S - a scroll of identify
Potions
 a - a potion of ambrosia {unknown}
 h - 3 potions of lignification {unknown}
 n - 4 potions of heal wounds {unknown}
 q - 3 potions of mutation {unknown}
 w - 4 potions of brilliance {unknown}
 x - 3 potions of cancellation {unknown}
 E - a potion of haste {unknown}
 G - 2 potions of berserk rage
 I - a potion of might {unknown}
 Y - 4 potions of curing {unknown}
Miscellaneous
 O - a fan of gales
Comestibles
 d - 9 chunks of flesh
 f - 10 rations


   Skills:
 + Level 9.5 Fighting
 + Level 10.4 Short Blades
 + Level 9.3(9.4) Maces & Flails
 + Level 2.0(6.2) Staves
 + Level 11.9 Armour
 + Level 5.9 Dodging
 + Level 2.0 Stealth
 + Level 14.2 Shields


You had 11 spell levels left.
You didn't know any spells.
Your spell library was empty.

Dungeon Overview and Level Annotations

Branches:
Dungeon (9/15)             Temple (1/1) D:5            Lair (4/6) D:9
 Shoals (1/4) Lair:4      Ossuary (visited)
  Snake: Lair:2-4    Spider: Lair:2-4       Orc: D:9-12

Altars:
Ashenzari
Cheibriados
Dithmenos
Elyvilon
Fedhas
Gozag
Hepliaklqana
Kikubaaqudgha
Makhleb
Nemelex Xobeh
Okawaru
Qazlal
Ru
Sif Muna
Trog
Uskayaw
Vehumet
Wu Jian
Xom
Yredelemnul
Zin
The Shining One

Shops:
D:8 *

Annotations:
Shoals:1 Frances


Innate Abilities, Weirdness & Mutations

You reflexively headbutt those who attack you in melee.
You have a pair of horns on your head.


Message History

You hit Frances.
Frances is moderately wounded.
You block Frances's attack.
The snapping turtle bites you from afar!
* * * LOW HITPOINT WARNING * * *
Your skin crawls.
You feel resistant to hostile enchantments.
You are feeling very hungry.
The sentinel's mark upon you fades away.
The smoke demon gestures at you.
The sticky flame hits you but does no damage.
You are covered in liquid flames!
You block the snapping turtle's attack.
Frances hits you with a +2 hand axe of chopping!
* * * LOW HITPOINT WARNING * * *
x2 You block the smoke demon's attack.
The smoke demon hits you but does no damage.
The smoke demon barely misses you.
You are covered in liquid flames!
You die...

PP...".)≈..## #.≈≈...≈≈≈≈≈.>..≈≈≈
##.....))..# .....≈≈≈≈≈≈≈≈≈..≈≈≈
###...(()## ##.....≈≈≈≈≈÷≈≈≈≈≈≈≈
# ##....≈.###......≈≈≈≈≈≈≈≈≈≈≈≈≈
######...≈≈........≈≈≈≈≈≈≈≈≈≈≈≈≈≈
....P..(..≈..#(.....≈≈≈≈≈≈≈≈≈≈≈≈≈
≈≈≈≈((((.........≈≈≈≈≈≈≈≈≈≈≈≈≈≈≈≈
≈≈≈≈≈≈≈..≈.(........≈≈≈≈≈≈≈≈≈≈≈≈≈
≈≈≈≈≈≈≈≈≈...##..@..≈≈†≈≈≈≈≈≈≈≈≈≈≈
≈≈≈≈≈≈≈≈≈≈≈≈###....≈≈≈≈≈≈≈≈≈≈≈≈≈≈
≈≈≈≈≈≈≈≈≈≈≈≈≈..3@..≈..≈≈.≈≈≈≈≈≈
..≈≈≈≈≈≈≈≈≈≈....t..≈...≈≈≈≈≈≈≈≈
...≈≈≈≈≈≈≈≈....≈≈≈≈≈≈≈≈≈≈≈≈≈≈≈≈
##..≈≈≈≈.≈..###.≈≈≈≈≈≈≈≈≈≈≈≈≈≈≈
... ..# #..≈≈≈≈≈≈≈≈≈≈≈≈≈≈ # #..
.. .≈.>≈≈≈..≈≈≈≈≈≈≈≈ ##..
≈≈≈.≈..#.≈


You could see Frances, a snapping turtle and a smoke demon.

Vanquished Creatures
  Harold (D:8)
  3 hydras
  A two-headed ogre (D:8)
  A sea snake (Shoals:1)
  Pikel (D:5)
  2 harpies (Shoals:1)
  4 fauns (Shoals:1)
  A deep elf mage (D:7)
  An ugly thing (D:7)
  A manticore (Lair:4)
  4 elephants (Lair:2)
  6 black mambas
  4 spiny frogs
  A rime drake (Lair:4)
  3 komodo dragons
  A troll (D:9)
  A queen bee (D:8)
  A snapping turtle (Shoals:1)
  7 hippogriffs
  16 yaks
  A wyvern (D:9)
  Grum (D:8)
  A hungry ghost (D:7)
  A basilisk (Lair:1)
  Edmund (D:6)
  8 water moccasins
  An acid dragon (D:7)
  Duvessa (D:6)
  A porcupine (Lair:2)
  2 ice beasts
  3 orc warriors (D:9)
  A black bear (D:7)
  2 sky beasts
  4 ogres
  3 phantoms
  7 wolves
  4 centaurs
  2 big kobolds
  A crocodile (Lair:1)
  Blork the orc (D:5)
  10 bullfrogs
  Dowan (D:6)
  17 killer bees
  5 scorpions (Ossuary)
  An electric eel (Lair:2)
  5 crimson imps
  3 bullfrog zombies
  A centaur zombie (D:7)
  3 hounds
  A bullfrog skeleton (D:5)
  2 centaur skeletons
  3 human zombies (Ossuary)
  3 orc priests
  Crazy Yiuf (D:4)
  11 orc wizards
  5 iguanas
  Ijyb (D:4)
  4 worker ants
  Natasha (thrice) (D:4)
  4 big kobold zombies (Ossuary)
  2 hound zombies
  4 mummies
  A worker ant zombie (D:5)
  A howler monkey zombie (D:6)
  5 adders
  5 scorpion zombies (Ossuary)
  3 oozes
  5 adder skeletons
  A worm (D:5)
  2 leopard geckos
  23 orcs
  A ball python (D:1)
  6 bats
  4 giant cockroaches
  9 hobgoblins
  7 jackals
  6 quokkas
  2 frilled lizards
  3 goblins
  2 goblin zombies (Ossuary)
  2 hobgoblin zombies (Ossuary)
  20 kobolds
  A kobold zombie (Ossuary)
  A leopard gecko skeleton (D:7)
  An orc zombie (Ossuary)
  A quokka skeleton (D:4)
  5 rats
  A plant (Lair:1)
314 creatures vanquished.

Vanquished Creatures (others)
  A human (D:2)
  2 crimson imps (D:5)
  3 fungi
  3 plants (Lair:2)
9 creatures vanquished.

Grand Total: 323 creatures vanquished

Notes
Turn   | Place    | Note
-------+----------+-------------------------------------------
     0 | D:1      | UnderR0ck the Minotaur Berserker began the quest for the
                  | Orb.
     0 | D:1      | Reached XP level 1. HP: 19/19 MP: 0/0
   310 | D:1      | Reached XP level 2. HP: 27/27 MP: 1/1
   808 | D:2      | Reached XP level 3. HP: 26/33 MP: 2/2
  1233 | D:2      | Found an ancient bone altar of Kikubaaqudgha.
  1234 | D:2      | Noticed a human
  1236 | D:2      | Killed a human
  1815 | D:3      | Reached ** piety under Trog
  1815 | D:3      | Reached XP level 4. HP: 41/41 MP: 3/3
  1991 | D:3      | Reached skill level 1 in Short Blades
  2220 | D:3      | Found a radiant altar of Vehumet.
  2229 | D:3      | Found an iron altar of Okawaru.
  2229 | D:3      | Found a hide-covered altar of Uskayaw.
  2231 | D:3      | Found a basalt altar of Yredelemnul.
  2232 | D:3      | Found an ancient bone altar of Kikubaaqudgha.
  2418 | D:4      | Found a sand-covered staircase.
  2427 | Ossuary  | Entered an ossuary
  2448 | Ossuary  | Reached XP level 5. HP: 43/47 MP: 4/4
  2791 | Ossuary  | Reached XP level 6. HP: 53/53 MP: 5/5
  2979 | Ossuary  | Reached *** piety under Trog
  3063 | Ossuary  | Reached skill level 5 in Armour
  3292 | Ossuary  | Reached XP level 7. HP: 60/60 MP: 6/6
  3345 | Ossuary  | Reached skill level 5 in Short Blades
  3840 | D:4      | Noticed Ijyb
  3854 | D:4      | Killed Ijyb
  3898 | D:4      | Noticed Natasha
  3908 | D:4      | Killed Natasha
  3908 | D:4      | Reached skill level 5 in Fighting
  4239 | D:4      | Noticed Natasha
  4252 | D:4      | Killed Natasha
  4256 | D:4      | Noticed Natasha
  4262 | D:4      | Killed Natasha
  4479 | D:4      | Found a runed translucent door.
  4480 | D:4      | Noticed Crazy Yiuf
  4486 | D:4      | Killed Crazy Yiuf
  4554 | D:5      | Entered Level 5 of the Dungeon
  4905 | D:5      | Reached skill level 1 in Stealth
  4929 | D:5      | Noticed Pikel
  4943 | D:5      | Killed Pikel
  4943 | D:5      | Reached skill level 1 in Staves
  4943 | D:5      | Reached XP level 8. HP: 60/70 MP: 7/7
  5095 | D:5      | Found a staircase to the Ecumenical Temple.
  5107 | Temple   | Entered the Ecumenical Temple
  5294 | D:5      | Reached skill level 5 in Maces & Flails
  5527 | D:5      | Noticed Blork the orc
  5535 | D:5      | Killed Blork the orc
  5795 | D:6      | Noticed Duvessa
  5796 | D:6      | Noticed Dowan
  5806 | D:6      | Killed Duvessa
  5810 | D:6      | Killed Dowan
  6043 | D:6      | Found a blossoming altar of Fedhas.
  6471 | D:6      | Noticed Edmund
  6483 | D:6      | Killed Edmund
  6483 | D:6      | Reached XP level 9. HP: 63/75 MP: 6/8
  6866 | D:7      | Reached **** piety under Trog
  6866 | D:7      | Received a gift from Trog
  6998 | D:7      | Reached skill level 1 in Shields
  7070 | D:7      | Noticed a deep elf mage
  7070 | D:7      | Found a runed translucent door.
  7070 | D:7      | Found a runed translucent door.
  7070 | D:7      | Noticed a white ugly thing
  7071 | D:7      | Noticed a four-headed hydra
  7187 | D:7      | Reached skill level 2 in Shields
  7272 | D:7      | Found the +7 Spriggan's Knife {stab, EV+4 Stlth+}
  7328 | D:7      | Found a runed translucent door.
  7337 | D:7      | Killed a four-headed hydra
  7337 | D:7      | Reached skill level 4 in Shields
  7347 | D:7      | Killed a white ugly thing
  7347 | D:7      | Reached skill level 5 in Shields
  7347 | D:7      | Reached XP level 10. HP: 84/84 MP: 7/9
  7358 | D:7      | Killed a deep elf mage
  7619 | D:7      | Reached skill level 6 in Shields
  7807 | D:8      | Reached ***** piety under Trog
  7820 | D:8      | Found Apraseoj's General Store.
  8061 | D:8      | Found a shadowy altar of Dithmenos.
  8142 | D:8      | Noticed Harold
  8159 | D:8      | Killed Harold
  8159 | D:8      | Reached skill level 10 in Armour
  8159 | D:8      | Reached skill level 7 in Shields
  8528 | D:8      | Found an opulent altar of Gozag.
  8528 | D:8      | Found a sparkling altar of Nemelex Xobeh.
  8529 | D:8      | Noticed a two-headed ogre
  8545 | D:8      | Killed a two-headed ogre
  8545 | D:8      | Reached skill level 8 in Shields
  8750 | D:8      | Reached XP level 11. HP: 93/93 MP: 5/10
  9133 | D:8      | Noticed Grum
  9162 | D:8      | Killed Grum
  9352 | D:9      | Reached skill level 9 in Shields
  9698 | D:9      | Found a staircase to the Lair.
  9734 | D:9      | Reached skill level 5 in Dodging
 10178 | D:9      | Reached skill level 10 in Shields
 10184 | D:9      | Received a gift from Trog
 10352 | Lair:1   | Entered Level 1 of the Lair of Beasts
 11001 | Lair:1   | Reached skill level 11 in Shields
 11317 | Lair:2   | Noticed a seven-headed hydra
 11329 | Lair:2   | Killed a seven-headed hydra
 11329 | Lair:2   | Reached XP level 12. HP: 93/103 MP: 5/11
 11380 | Lair:2   | Noticed a four-headed hydra
 11399 | Lair:2   | Killed a four-headed hydra
 11399 | Lair:2   | Reached skill level 12 in Shields
 11525 | Lair:3   | Reached skill level 10 in Short Blades
 11639 | Lair:3   | Got a polished short sword
 11844 | Lair:3   | Got a pair of ancient gloves
 12142 | Lair:3   | Reached skill level 13 in Shields
 12300 | Lair:3   | Found the +8 whip "Snakebite" {curare, rPois}
 12554 | Lair:3   | Identified the +2 pair of gloves of Sorcery {+Blink MR++
                  | Regen+ Stlth+} (You found it on level 3 of the Lair of
                  | Beasts)
 12692 | Lair:4   | Found a staircase to the Shoals.
 12789 | Shoals:1 | Entered Level 1 of the Shoals
 12868 | Shoals:1 | Received a gift from Trog
 12985 | Shoals:1 | Reached skill level 14 in Shields
 13010 | Shoals:1 | Noticed Frances
 13023 | Shoals:1 | HP: 5/105 [Frances/+2 hand axe of chopping (3)]
 13024 | Shoals:1 | Incinerated by a smoke demon

Levels and vault maps discovered:
D:1:      sevenhm_arrival_forest_fort_large_4, layout_basic
D:2:      layout_loops_ring, tgw_kikubaaqudgha
D:3:      layout_rooms, minitemple, serial_glass, glass_columns_a,
          glass_columns_a
D:4:      layout_loops_ring, gup_ossuary_entry_pyramid, uniq_crazy_yiuf_cottage,
          uniq_ijyb, uniq_natasha
D:5:      layout_loops_cross, minmay_temple_entry_steel_oval, first_ration,
          grunt_ministairs_12, minmay_misc_feat_doors, uniq_pikel,
          uniq_blork_the_orc
D:6:      layout_rooms, fedhas_altar_1, minmay_misc_feat_hallway,
          hangedman_abyss_or_decor_lesser_grid, chequers_serial_rivers_micro_b,
          uniq_edmund, uniq_duvessa
D:7:      minmay_the_grid_triangle_9x9_recursive_2
          [minmay_the_grid_triangle_9x9_prize_top_heavy,
          minmay_the_grid_triangle_9x9_zippers_horizontal,
          minmay_the_grid_triangle_9x9_fully_insulated_deathbox,
          minmay_the_grid_triangle_9x9_intruding_spiral], layout_cave_pools
D:8:      layout_basic, grunt_temple_overflow_opulence, kennysheep_little_box,
          serial_shops, shop, david_nohive_1, uniq_harold, uniq_grum
D:9:      layout_rooms, lair_entry_dummy, billiards_dpeg
Temple:   dshaligram_water_room_temple
Lair:1:   beast_lair_carwin_large_2, layout_gridlike,
          chequers_serial_rivers_small_a
Lair:2:   layout_gridlike, infiniplex_staircase_pool
Lair:3:   minmay_guarded_unrand_snakebite, layout_regular_city
Lair:4:   layout_big_grid, minmay_shoals_entry_beasts,
          spider_nest_entry_funnel_web, portal_ice_cave_entry_pillars_2,
          gammafunk_ghost_icy
Shoals:1: layout_shoals, hangedman_shoals_cup_caves, uniq_frances

Skill      XL: |  1  2  3  4  5  6  7  8  9 10 11 12 |
---------------+-------------------------------------+-----
Maces & Flails | 4 5 8 9 |  9.3
Fighting       | 4 5 6 7 8 9 |  9.5
Armour         | 3 4 5 6 8 9 10 11 | 11.9
Short Blades   | 2 3 4 6 7 8 9 10 | 10.4
Dodging        | 3 4 5 |  5.9
Stealth        | 1 2 |  2.0
Staves         | 1 2 |  2.0
Shields        | 5 8 11 14 | 14.2

Action                   |  1- 3 |  4- 6 |  7- 9 | 10-12 || total
-------------------------+-------+-------+-------+-------++-------
Melee: Mace              |    13 |       |   153 |       ||   166
       Headbutt          |    14 |    40 |    73 |   219 ||   346
       Short sword       |    66 |   141 |    53 |       ||   260
       Quarterstaff      |       |       |    11 |       ||    11
       Knife             |       |       |    15 |   624 ||   639
       Whip              |       |       |       |    69 ||    69
 Fire: Hunting sling     |       |     1 |       |       ||     1
Invok: Berserk           |       |     5 |     4 |    13 ||    22
       Trog's Hand       |       |       |       |     1 ||     1
  Use: Scroll            |    10 |     5 |     9 |     8 ||    32
  Eat: Ration            |     1 |     2 |     4 |     3 ||    10
       Chunk             |       |     2 |     5 |    20 ||    27
Armor: Ring mail         |    27 |       |       |       ||    27
       Chain mail        |     3 |    48 |   114 |   140 ||   305
Dodge: Dodged            |    52 |    48 |    56 |   192 ||   348
Block: Large shield      |       |       |    77 |   577 ||   654
